 Dungeon Crawl Stone Soup version 0.31-a0-175-g9f7f995f2b (webtiles) character file.

Game seed: 16661154717061625126

59 qw the Shooter (level 4, 0/39 HPs)
             Began as a Naga Hunter on June 17, 2023.
             Succumbed to a scorpion's poison
             ... on level 4 of the Dungeon.
             The game lasted 00:00:42 (2260 turns).

qw the Shooter (Naga Hunter)                        Turns: 2260, Time: 00:00:42

Health: 0/39       AC:  5    Str: 13    XL:     4   Next: 3%
Magic:  4/4        EV:  9    Int:  9    God:
Gold:   39         SH:  0    Dex: 17    Spells: 3/3 levels left

rFire   . . .        Y - +1 shortbow
rCold   . . .        (shield currently unavailable)
rNeg    . . .        c - +0 leather armour
rPois   +            (no helmet)
rElec   .            j - +2 cloak
rCorr   .            (no gloves)
SInv    +            (no barding)
Will    .....        (no amulet)
Stlth   ++           (no ring)
HPRegen 0.26/turn    (no ring)
MPRegen 0.09/turn

%: no passive effects
@: lethally poisoned (0 -> -4), about to teleport, short of breath, very slow
A: AC +1, large, see invisible, deformed body, poison resistance, slowness 2,
spit poison 1, naga tail 1
a: Spit Poison


You were on level 4 of the Dungeon.
You visited 1 branch of the dungeon, and saw 4 of its levels.

You collected 209 gold pieces.
You spent 170 gold pieces at shops.


Innate Abilities, Weirdness & Mutations

Your serpentine skin is tough. (AC +1)
You have supernaturally acute eyesight. (SInv)
Armour fits poorly on your strangely shaped body.
Your system is resistant to poisons. (rPois)
You cover ground very slowly.
You can spit poison.
You have a snake-like lower body.


   Skills:
 + Level 2.0 Fighting
 - Level 5.0 Ranged Weapons
 - Level 1.5 Dodging
 - Level 1.5 Stealth


You had 3 spell levels left.
You didn't know any spells.
Your spell library was empty.

Inventory:

Hand Weapons
 Y - a +1 shortbow (weapon)
Armour
 c - a +0 leather armour (worn)
 e - a +1 leather armour of fire resistance
 j - a +2 cloak (worn)
Scrolls
 f - a scroll of identify
Potions
 a - a potion of resistance
 b - a potion of haste {unknown}
 g - a potion of curing {unknown}
 h - a potion of lignification {unknown}

Dungeon Overview and Level Annotations

Branches:
Dungeon (4/15)
 Temple: D:4-7

Altars:
Gozag
Okawaru
Qazlal
Ru

Shops:
D:3 (?[


Message History

You shoot an arrow. The arrow hits the scorpion.
The scorpion is severely wounded.
The kobold hits you but does no damage. The scorpion closely misses you.
The kobold barely misses you. The orc wizard barely misses you.
You shoot an arrow. The arrow hits the scorpion.
The scorpion is almost dead.
You have got your breath back.
The scorpion completely misses you. The orc wizard casts a spell at you.
You are confused.
The kobold hits you with a +0 dagger. The scorpion closely misses you.
The scorpion misses you. The kobold hits you but does no damage.
The orc wizard misses you. The scorpion stings you.
You are poisoned.
The scorpion poisons you! The kobold closely misses you.
The orc wizard barely misses you.
You feel very sick. The scorpion stings you. The kobold barely misses you.
The orc wizard hits you with a +0 dagger.
You feel sick. The scorpion barely misses you.
The kobold hits you but does no damage. The orc wizard closely misses you.
You feel less confused.
You feel sick. The scorpion barely misses you.
The kobold hits you but does no damage.
The orc wizard hits you but does no damage.
The scorpion stings you but does no damage.
2258 ||| INVOKING Spit Poison.
Aiming: Spit Poison (1% risk of failure)
Press: ? - help, Shift-Dir - straight line, f/p - scorpion The splash of poison misses the scorpion.
You feel sick. The scorpion stings you. The kobold hits you but does no damage.
The orc wizard hits you with a +0 dagger.
2259 ||| READING scroll of teleportation.
As you read the scroll of teleportation, it crumbles to dust.
You feel strangely unstable.
You feel sick. The scorpion stings you. The kobold hits you with a +0 dagger.
The orc wizard hits you with a +0 dagger.
You shoot an arrow. The arrow barely misses the scorpion.
You die...

#..<.#.###
#...##.########
#..............
.
#...#.#########
#.
##....######..
#.#...#.........
#.......#####...
##.....######..
........@.......
.......osK......
#..####.........
#. ...##..##. #
.#.). ....
#..... .... .
..... ...
........ ...


You could see a scorpion, an orc wizard (invisible) and a kobold.

Vanquished Creatures
  3 worms
  A dart slug (D:1)
  5 orcs
  8 ball pythons
  3 endoplasms
  A giant cockroach (D:1)
  3 goblins
  2 hobgoblins
  3 quokkas
  4 bats
  2 frilled lizards (D:1)
  6 kobolds
  3 rats
44 creatures vanquished.

Notes
Turn   | Place    | Note
-------+----------+-------------------------------------------
     0 | D:1      | qw the Naga Hunter began the quest for the Orb.
     0 | D:1      | Reached XP level 1. HP: 19/19 MP: 1/1
     0 | D:1      | 0 ||| qw: Version: 0.3-a-2-g5ab2908
     0 | D:1      | 0 ||| qw: Game counter: 143
     0 | D:1      | 0 ||| qw: Always use a shield: true
     0 | D:1      | 0 ||| qw: God list: Okawaru
     0 | D:1      | 0 ||| qw: Allow faded altars: false
     0 | D:1      | 0 ||| qw: Do Orc after D:15 true
     0 | D:1      | 0 ||| qw: Do second Lair branch before Depths: true
     0 | D:1      | 0 ||| qw: Lair rune preference: random
     0 | D:1      | 0 ||| qw: Plans: Normal
     0 | D:1      | 0 ||| PLANNING D:1-11
    17 | D:1      | 17 ||| INVOKING Spit Poison.
    20 | D:1      | 20 ||| INVOKING Spit Poison.
    29 | D:1      | 29 ||| INVOKING Spit Poison.
    77 | D:1      | 77 ||| INVOKING Spit Poison.
    83 | D:1      | 83 ||| INVOKING Spit Poison.
    90 | D:1      | 90 ||| INVOKING Spit Poison.
    91 | D:1      | Reached skill level 4 in Ranged Weapons
    91 | D:1      | Reached XP level 2. HP: 26/26 MP: 2/2
   117 | D:1      | 117 ||| INVOKING Spit Poison.
   118 | D:1      | 118 ||| Stepping ~*~*~tactically~*~*~ (outnumbered).
   120 | D:1      | 120 ||| Stepping ~*~*~tactically~*~*~ (outnumbered).
   123 | D:1      | 123 ||| INVOKING Spit Poison.
   195 | D:1      | 195 ||| INVOKING Spit Poison.
   205 | D:1      | 205 ||| INVOKING Spit Poison.
   282 | D:1      | 282 ||| INVOKING Spit Poison.
   604 | D:1      | 604 ||| UPGRADING to +0 cloak.
   609 | D:1      | 609 ||| READING scroll labelled ZAUPEA JOAN.
   610 | D:1      | 610 ||| READING scroll labelled RIUNOI MYZOE.
   611 | D:1      | 611 ||| READING scroll labelled XYSE WOAWKOCH.
   612 | D:1      | 612 ||| READING scroll labelled NUAFUM FIADU.
   615 | D:1      | 615 ||| READING scroll labelled HOAPRUNATY.
   716 | D:1      | 716 ||| DRINKING 2 white potions.
   717 | D:1      | 717 ||| DROPPING scroll of butterflies.
   718 | D:1      | 718 ||| DROPPING potion of brilliance.
   733 | D:2      | 733 ||| INVOKING Spit Poison.
   737 | D:2      | 737 ||| INVOKING Spit Poison.
   738 | D:2      | 738 ||| STAIRDANCE
   740 | D:1      | 740 ||| INVOKING Spit Poison.
   745 | D:1      | 745 ||| INVOKING Spit Poison.
   789 | D:2      | 789 ||| INVOKING Spit Poison.
   790 | D:2      | Reached XP level 3. HP: 32/32 MP: 3/3
   879 | D:2      | 879 ||| INVOKING Spit Poison.
   902 | D:2      | 902 ||| INVOKING Spit Poison.
   906 | D:2      | 906 ||| INVOKING Spit Poison.
   963 | D:2      | 963 ||| INVOKING Spit Poison.
  1030 | D:2      | 1030 ||| INVOKING Spit Poison.
  1206 | D:2      | 1206 ||| INVOKING Spit Poison.
  1231 | D:2      | 1231 ||| INVOKING Spit Poison.
  1235 | D:2      | 1235 ||| INVOKING Spit Poison.
  1588 | D:2      | 1588 ||| READING scroll labelled SAHAEPE KOTWOTS.
  1589 | D:2      | 1589 ||| READING scroll labelled VYNAOL BUZIOFOL.
  1590 | D:2      | 1590 ||| READING 2 scrolls labelled UTAEXAROYSM.
  1591 | D:2      | 1591 ||| READING scroll labelled JIJYJUOJYPN.
  1644 | D:3      | 1644 ||| INVOKING Spit Poison.
  1655 | D:3      | 1655 ||| INVOKING Spit Poison.
  1749 | D:3      | 1749 ||| INVOKING Spit Poison.
  1775 | D:3      | Found Wocus's Weapon Shop.
  1882 | D:3      | 1882 ||| INVOKING Spit Poison.
  1887 | D:3      | 1887 ||| INVOKING Spit Poison.
  1924 | D:3      | Found a stormy altar of Qazlal.
  1926 | D:3      | Found an iron altar of Okawaru.
  1948 | D:3      | 1948 ||| INVOKING Spit Poison.
  1954 | D:3      | Found Ucweit's Armour Shop.
  1959 | D:3      | 1959 ||| SHOPLISTING +3 leather armour of Reuhe {Slay+2}
                  | (324 gold, have 174).
  2014 | D:3      | 2014 ||| INVOKING Spit Poison.
  2019 | D:3      | 2019 ||| INVOKING Spit Poison.
  2055 | D:3      | Found a sacrificial altar of Ru.
  2056 | D:3      | Found an opulent altar of Gozag.
  2076 | D:3      | Found Fuewkuq's Magic Scroll Emporium.
  2085 | D:3      | 2085 ||| BUYING scroll of enchant armour (75 gold).
  2085 | D:3      | Bought a scroll of enchant armour for 75 gold pieces
  2085 | D:3      | 2085 ||| BUYING scroll of enchant armour (75 gold).
  2085 | D:3      | Bought a scroll of enchant armour for 75 gold pieces
  2085 | D:3      | 2085 ||| BUYING scroll of identify (20 gold).
  2085 | D:3      | Bought a scroll of identify for 20 gold pieces
  2085 | D:3      | 2085 ||| SHOPLISTING scroll of teleportation (30 gold, have
                  | 4).
  2085 | D:3      | 2085 ||| READING 2 scrolls of enchant armour.
  2085 | D:3      | 2085 ||| ENCHANTING +0 cloak.
  2086 | D:3      | 2086 ||| READING scroll of enchant armour.
  2086 | D:3      | 2086 ||| ENCHANTING +1 cloak.
  2195 | D:3      | 2195 ||| READING scroll labelled RUUCYB INTOVVI.
  2196 | D:3      | 2196 ||| READING 2 scrolls of identify.
  2196 | D:3      | 2196 ||| IDENTIFYING sapphire potion
  2242 | D:4      | Noticed a scorpion
  2244 | D:4      | 2244 ||| INVOKING Spit Poison.
  2247 | D:4      | 2247 ||| INVOKING Spit Poison.
  2248 | D:4      | Reached skill level 5 in Ranged Weapons
  2248 | D:4      | Reached XP level 4. HP: 39/39 MP: 4/4
  2250 | D:4      | 2250 ||| INVOKING Spit Poison.
  2258 | D:4      | 2258 ||| INVOKING Spit Poison.
  2258 | D:4      | HP: 8/39 [scorpion (3)]
  2259 | D:4      | 2259 ||| READING scroll of teleportation.
  2259 | D:4      | HP: 2/39 [orc wizard/+0 dagger (2)]
  2260 | D:4      | Succumbed to a scorpion's poison

Levels and vault maps discovered:
D:1:      lemuel_arrival_lava_pool, layout_rooms, lemuel_flame_loot_1
D:2:      layout_basic
D:3:      layout_basic, nicolae_overflow_hidden_temple, serial_shops,
          nicolae_shop_pleasant_corner_grove, shop, shop
D:4:      minmay_wonky_spiral, layout_rooms

Skill      XL: |  1  2  3 |
---------------+----------+-----
Ranged Weapons | 4 5 |  5.0
Fighting       | |  2.0
Dodging        | |  1.5
Stealth        | |  1.5

Action                     |  1- 3 |  4- 6 || total
---------------------------+-------+-------++-------
   Fire: Shortbow          |    68 |     5 ||    73
Ability: Spit Poison       |    34 |     2 ||    36
    Use: Scroll            |    13 |     1 ||    14
         Potion            |     1 |       ||     1
 Armour: Leather armour    |     7 |    10 ||    17
  Dodge: Dodged            |     7 |    13 ||    20

Table legend:
 A = Non-vault XP
 B = Vault XP
 C = Vault XP percentage of total XP
 D = Non-vault monster count
 E = Vault monster count
 F = Vault count percentage of total count
                 A         B        C        D         E       F
            +---------+---------+-------+---------+---------+-------
      Total |      85 |       0 |   0.0 |      44 |       0 |   0.0
            +---------+---------+-------+---------+---------+-------
        D:1 |      33 |       0 |   0.0 |      19 |       0 |   0.0
        D:2 |      21 |       0 |   0.0 |      11 |       0 |   0.0
        D:3 |      23 |       0 |   0.0 |      11 |       0 |   0.0
        D:4 |       8 |       0 |   0.0 |       3 |       0 |   0.0
            +---------+---------+-------+---------+---------+-------
